 Dungeon Crawl Stone Soup version 0.31.0-12-g77e489cdc1 (webtiles) character file.

Game seed: 2062568309785891003

268 AuftragZ the Digger (level 6, -3/32 HPs)
             Began as a Deep Elf Earth Elementalist on Feb 14, 2024.
             Incinerated by a bombardier beetle (5 damage)
             ... with a burning spray
             ... on level 4 of the Dungeon.
             The game lasted 00:11:11 (2616 turns).

AuftragZ the Digger (Deep Elf Earth Elementalist)   Turns: 2616, Time: 00:11:12

Health: -3/32      AC:  2    Str:  8    XL:     6   Next: 1%
Magic:  13/16      EV: 13    Int: 22    God:
Gold:   200        SH:  0    Dex: 15    Spells: 11/15 levels left

rFire   . . .        j - +7 hand axe of Circularity {elec, rPois Str+3}
rCold   . . .        (no shield)
rNeg    . . .        a - +0 robe
rPois   +            (no helmet)
rElec   .            (no cloak)
rCorr   .            (no gloves)
SInv    .            (no boots)
Will    .....        (no amulet)
Stlth   +            (no ring)
HPRegen 0.25/turn    (no ring)
MPRegen 0.15/turn

%: no passive effects
@: on fire, glowing
A: no striking features
a: no special abilities


You were on level 4 of the Dungeon.
You visited 1 branch of the dungeon, and saw 4 of its levels.

You collected 200 gold pieces.

Inventory:

Hand Weapons
 j - the +7 hand axe of Circularity (weapon) {elec, rPois Str+3}
   (You found it on level 3 of the Dungeon)

   Str+3:     It affects your strength (+3).
   rPois:     It protects you from poison
Armour
 a - a +0 robe (worn)
Scrolls
 g - a scroll of poison {unknown}
 h - a scroll of fear
 i - a scroll of enchant armour {unknown}
 l - 2 scrolls of teleportation
 m - a scroll of fog {unknown}
Potions
 b - a potion of magic
 c - a potion of degeneration {unknown}
 d - a potion of haste {unknown}
 e - a potion of invisibility {unknown}
 f - a potion of enlightenment {unknown}
 k - 2 potions of heal wounds {unknown}
 n - a potion of berserk rage {unknown}


   Skills:
 - Level 2.7 Dodging
 + Level 2.7 Stealth
 + Level 5.4 Spellcasting
 * Level 2.3 Conjurations
 + Level 5.7 Earth Magic


You had 11 spell levels left.
You knew the following spells:

 Your Spells              Type           Power      Damage    Failure   Level
a - Sandblast             Erth           62%        2d14      1%          1
b - Passwall              Erth           31%        N/A       2%          3

Your spell library contained the following spells:

 Spells                   Type           Power      Damage    Failure   Level
 Stone Arrow              Conj/Erth      46%        3d9       5%          3
 Brom's Barrelling Bould  Conj/Erth      23%        2d4       19%         4
 Volatile Blastmotes      Fire/Tloc      12%        2d11      28%         3
 Petrify                  Alch/Erth      18%        N/A       30%         4
 Fulminant Prism          Conj/Alch      5%         3d7       52%         4
 Iskenderun's Mystic Bla  Conj/Tloc      11%        2d4       52%         4
 Iskenderun's Battlesphe  Conj           16%        2d7       71%         5
 Fireball                 Conj/Fire      5%         3d5       86%         5
 Conjure Ball Lightning   Conj/Air       5%         3x3d6     100%        6
 Orb of Destruction       Conj           8%         9d6       100%        7


Dungeon Overview and Level Annotations

Branches:
Dungeon (4/15)
 Temple: D:4-7

Altars:
Makhleb
Trog
Uskayaw
Wu Jian


Message History

The liquid fire burns you! The liquid fire burns you!
The liquid fire burns you!
You are on fire!
Okay, then.
You shake off some of the fire as you move.
The liquid fire burns you!
* * * LOW HITPOINT WARNING * * *
You are on fire!
You are on fire!
You are on fire!
You are on fire!
You are on fire!
You are on fire!
You are on fire!
You are on fire!
You are on fire!
You are on fire!
You are on fire!
You are on fire!
You are on fire!
You are on fire!
You are on fire!
You are on fire!
You are on fire!
You are on fire!
You are on fire!
You are on fire!
You are on fire!
You are on fire!
You are on fire!
You are on fire!
You are on fire!
You are on fire!
You are on fire!
You are on fire!
The liquid fire burns you!
* * * LOW HITPOINT WARNING * * *
The liquid fire burns you!
You die...

..#.###.#.###.#....#....##
#####.
.#.....###...#.....#...##
#.....
.#......#....#....#.######
#.####
.#.....#.....#...###.....###.#
#......#....#.####.####...##.#
##.....#...###...#.# #......#
####.#.### #.#.##†# #...####
###.. #.#†##.# ##### ##
#...@..# ###.#### #.# #.# #.#
#.. ... #..


There were no monsters in sight!

Vanquished Creatures
  A bombardier beetle (D:4)
  A hound (D:4)
  2 orc priests (D:4)
  An orc wizard (D:3)
  5 adders
  A dart slug (D:1)
  A ribbon worm (D:2)
  10 orcs
  5 ball pythons
  5 bats
  3 endoplasms
  4 goblins
  8 hobgoblins
  4 jackals (D:1)
  3 kobolds
  A quokka (D:1)
  5 frilled lizards
  6 rats
66 creatures vanquished.

Notes
Turn   | Place    | Note
-------+----------+-------------------------------------------
     0 | D:1      | AuftragZ the Deep Elf Earth Elementalist began the quest
                  | for the Orb.
     0 | D:1      | Reached XP level 1. HP: 10/10 MP: 6/6
    42 | D:1      | Found a faded altar of an unknown god.
   187 | D:1      | Reached XP level 2. HP: 15/15 MP: 6/8
   798 | D:2      | Reached XP level 3. HP: 19/19 MP: 7/10
   838 | D:2      | Learned a level 3 spell: Passwall
   955 | D:2      | Found a bloodstained altar of Trog.
  1175 | D:2      | Reached XP level 4. HP: 24/24 MP: 9/12
  1492 | D:3      | Found a burning altar of Makhleb.
  1618 | D:3      | Found a hide-covered altar of Uskayaw.
  1844 | D:3      | Identified the +7 hand axe of Circularity {elec, rPois
                  | Str+3}
  2035 | D:3      | Found an ornate altar of the Wu Jian Council.
  2210 | D:4      | Reached skill level 5 in Spellcasting
  2210 | D:4      | Reached XP level 5. HP: 28/28 MP: 8/14
  2215 | D:4      | Reached skill level 5 in Earth Magic
  2611 | D:4      | Reached XP level 6. HP: 22/32 MP: 12/16
  2616 | D:4      | Incinerated by a bombardier beetle

Illustrated notes

Levels and vault maps discovered:
D:1:      minmay_arrival_three_doors, layout_basic, basic_ecumenical_altar,
          grunt_decor_cap, minivault_26, minmay_heptomino_l4
D:2:      layout_rooms, basic_altar
D:3:      layout_loops_ring, old_standard_altar, lemuel_tele_altar,
          bloody_makhleb
D:4:      nicolae_BIG_FREAKIN_CUBE, layout_loops_cross,
          nicolae_overflow_hidden_temple, trog_book, dreamdust_princess_bridge,
          uniq_sigmund, uniq_blork_the_orc

Skill      XL: |  1  2  3  4  5 |
---------------+----------------+-----
Earth Magic    | 4 5 |  5.7
Spellcasting   | 4 5 |  5.4
Conjurations   | 2 |  2.3
Dodging        | |  2.7
Stealth        | |  2.7

Action                     |  1- 3 |  4- 6 || total
---------------------------+-------+-------++-------
   Cast: Sandblast         |    44 |    41 ||    85
         Passwall          |       |     2 ||     2
    Use: Scroll            |     6 |       ||     6
 Armour: Robe              |     4 |     3 ||     7
  Dodge: Dodged            |     7 |     1 ||     8
